 Dungeon Crawl Stone Soup version 0.30-a0-578-gdee14c521f (webtiles) character file.

Game seed: 7822315713824730972

284 purpskrrrp the Shooter (level 6, -1/35 HPs)
             Began as a Tengu Hunter on Jan 1, 2023.
             Was a Believer of Wu Jian.
             Slain by Grinder (6 damage)
             ... on level 3 of the Dungeon.
             The game lasted 00:05:46 (2444 turns).

purpskrrrp the Shooter (Tengu Hunter)               Turns: 2444, Time: 00:05:47

Health: -1/35      AC:  4    Str:  9 (11) XL:     6   Next: 29%
Magic:  2/2        EV: 15    Int:  7 (10) God:    Wu Jian [**....]
Gold:   156        SH:  0    Dex: 16 (19) Spells: 5/5 levels left

rFire   . . .      SeeInvis .    b - +3 sling (antimagic)
rCold   . . .      Faith    .    (no shield)
rNeg    . . .      Spirit   .    d - +0 troll leather armour {Pargi}
rPois   .          Reflect  .    (helmet restricted)
rElec   .          Harm     .    (no cloak)
rCorr   .          Rampage  .    (no gloves)
Will    .....                    (boots unavailable)
Stlth   ++                       (no amulet)
HPRegen 1.05/turn                (no ring)
MPRegen 0.08/turn                (no ring)

@: flying quickly and evasively, hasted, very quick
A: beak, talons 3, nimble flight, noise suppression
a: Renounce Religion, Wall Jump


You were on level 3 of the Dungeon.
You worshipped Wu Jian.
Wu Jian was pleased with you.
You visited 1 branch of the dungeon, and saw 3 of its levels.

You collected 156 gold pieces.

Inventory:

Hand Weapons
 a - a +0 shortbow
 b - a +3 antimagic sling (weapon)
Armour
 c - a +0 leather armour
 d - a +0 troll leather armour (worn) {Pargi}
Jewellery
 k - a ring of wizardry
Wands
 n - a wand of polymorph (8)
Potions
 h - 2 potions of haste
 i - a potion of mutation
 j - a potion of berserk rage
 m - a potion of brilliance


   Skills:
 - Level 2.0 Fighting
 * Level 6.5 Ranged Weapons
 + Level 3.9 Dodging
 + Level 3.3 Stealth


You had 5 spell levels left.
You didn't know any spells.
Your spell library contained the following spells:

 Spells                   Type           Power      Damage    Failure   Level
 Kiss of Death            Conj/Necr      0%         2d5       54%         1
 Necrotise                Necr           0%         1d4       54%         1
 Slow                     Hex            0%         N/A       54%         1
 Confusing Touch          Hex            0%         N/A       89%         3
 Vampiric Draining        Necr           0%         2d6       89%         3
 Agony                    Necr           0%         N/A       100%        5


Dungeon Overview and Level Annotations

Branches:
Dungeon (3/15)

Altars:
Wu Jian

Shops:
D:1 :   D:2 :

Annotations:
D:3 3 runed translucent doors, Bediveer's ghost, amateur FoFi; Grinder


Innate Abilities, Weirdness & Mutations

You have a beak for a mouth.
You have claws for feet.
Your magical nature lets you fly swiftly and evasively.
You passively dampen the noise of your surroundings.


Message History

As you read the scroll labelled OFFUME QISH, it crumbles to dust.
It was a scroll of poison.
Grinder hits you.
* * * LOW HITPOINT WARNING * * *
You writhe in agony.
* * * LOW HITPOINT WARNING * * *
As you read the scroll labelled XUROUL YGRO, it crumbles to dust.
You hear a loud clanging noise!
It was a scroll of noise.
Grinder barely misses you.
As you read the scroll of identify, it crumbles to dust.
l - a scroll of enchant weapon Fire: b) +2 sling (antimagic)
Press: ? - help, Q - select action, (/) - cycle Shift-Dir - straight line, f/p - Grinder
Aim: Grinder, carrying a wand of flame (11) (moderately wounded, magic disrupted, 61% to hit)
You shoot a sling bullet. The sling bullet hits Grinder.
Grinder's magic leaks into the air.
Grinder is moderately wounded.
Grinder hits you.
* * * LOW HITPOINT WARNING * * *
You writhe in agony.
* * * LOW HITPOINT WARNING * * *
Okay, then.
Okay, then.
As you read the scroll of enchant weapon, it crumbles to dust.
Your +2 antimagic sling glows red for a moment.
Grinder hits you but does no damage.
Okay, then.
Fire: b) +3 sling (antimagic)
Press: ? - help, Q - select action, (/) - cycle Shift-Dir - straight line, f/p - Grinder
Aim: Grinder, carrying a wand of flame (11) (moderately wounded, magic disrupted, 62% to hit)
You shoot a sling bullet. The sling bullet hits Grinder.
Grinder's magic leaks into the air.
Grinder is heavily wounded.
Grinder barely misses you.
Fire: b) +3 sling (antimagic)
Press: ? - help, Q - select action, (/) - cycle Shift-Dir - straight line, f/p - Grinder
Aim: Grinder, carrying a wand of flame (11) (heavily wounded, magic disrupted, 62% to hit)
You shoot a sling bullet.
The sling bullet closely misses Grinder.
Grinder hits you.
You die...

##.......###..# #.........
...........##.# #######.#.......
#.......##..#.####...............
#....######...)§§§.####§###(.....
.....# ####.§§☼###§§§.##......
.....# ###§###§§##.##......
.....# #§§☼§§#...........
#....###### #§§§###......#....
##........######@#.####+++#######
#########§☼§§§§5☼§☼##....W..##...
...).....§§§§§§§☼§§☼##Z..Z.###...
##########§§§§§☼§§§§#.Z[....#....
#§§§§§☼§§§§##.$$..###...
#☼§§§§§§§§§#..#.#.. #...
#####################... ##.# #.#


You could see Grinder (magic disrupted).

Vanquished Creatures
  Pargi (D:3)
  Jessica (D:3)
  Natasha (thrice) (D:3)
  Robin (D:3)
  2 dart slugs
  An orc (D:3)
  3 ball pythons
  11 endoplasms
  4 giant cockroaches (D:1)
  14 goblins
  5 hobgoblins
  4 quokkas
  9 bats
  2 frilled lizards
  6 kobolds
67 creatures vanquished.

Notes
Turn   | Place    | Note
-------+----------+-------------------------------------------
     0 | D:1      | purpskrrrp the Tengu Hunter began the quest for the Orb.
     0 | D:1      | Reached XP level 1. HP: 12/12 MP: 2/2
    88 | D:1      | Reached XP level 2. HP: 17/17 MP: 3/3
   120 | D:1      | Found Arajyuf's Book Shoppe.
   242 | D:1      | Found a faded altar of an unknown god.
   351 | D:1      | Prayed at the altar of an unknown god.
   351 | D:1      | Became a worshipper of the Wu Jian Council
   351 | D:1      | Reached * piety under Wu Jian
   413 | D:1      | Reached XP level 3. HP: 21/21 MP: 4/4
   461 | D:1      | Reached skill level 5 in Ranged Weapons
  1183 | D:2      | Found Lauss's Book Emporium.
  1262 | D:3      | Noticed Natasha
  1267 | D:3      | Killed Natasha
  1268 | D:3      | Reached XP level 4. HP: 26/26 MP: 5/5
  1272 | D:3      | Noticed Natasha
  1278 | D:3      | Killed Natasha
  1307 | D:3      | Noticed Natasha
  1314 | D:3      | Killed Natasha
  1315 | D:3      | Gained mutation: Your magical nature lets you fly swiftly
                  | and evasively. [Tengu growth]
  1315 | D:3      | Reached XP level 5. HP: 24/30 MP: 6/6
  1362 | D:3      | Reached ** piety under Wu Jian
  1398 | D:3      | Found a runed translucent gate.
  1398 | D:3      | Found a runed translucent gate.
  1399 | D:3      | Found a runed translucent gate.
  1400 | D:3      | Noticed Bediveer's ghost (amateur FoFi)
  1413 | D:3      | Noticed Pargi
  1439 | D:3      | Killed Pargi
  1440 | D:3      | Reached skill level 6 in Ranged Weapons
  1521 | D:3      | Reached XP level 6. HP: 34/35 MP: 7/7
  1582 | D:3      | Noticed Grinder
  1594 | D:3      | Paralysed by Grinder for 4 turns
  1602 | D:3      | Gained mutation: You passively dampen the noise of your
                  | surroundings. [potion of mutation]
  2152 | D:3      | Noticed Robin
  2166 | D:3      | Killed Robin
  2269 | D:3      | Noticed Jessica
  2273 | D:3      | Killed Jessica
  2287 | D:3      | Got Jessica's Disquisition on Iniquitous Secrets
  2444 | D:3      | Slain by Grinder

Illustrated notes

Levels and vault maps discovered:
D:1:      spicycebolla_arrival_risky_transporter, layout_loops_cross,
          ebering_ecumenical_altar_box, serial_shops, nicolae_shop_crystal,
          dreamdust_mushroom_princess, wad_floor_pattern_2
D:2:      layout_loops_cross, serial_shops, shop_fountains
D:3:      layout_rooms, gammafunk_ghost_necromancy, kennysheep_jessica_study,
          uniq_grinder, uniq_natasha, uniq_robin, uniq_pargi

Skill      XL: |  1  2  3  4  5 |
---------------+----------------+-----
Ranged Weapons | 5 6 |  6.5
Dodging        | 3 |  3.9
Stealth        | 2 3 |  3.3
Fighting       | |  2.0

Action                   |  1- 3 |  4- 6 || total
-------------------------+-------+-------++-------
 Fire: Shortbow          |    78 |    61 ||   139
       Sling             |       |    53 ||    53
  Use: Scroll            |     5 |     7 ||    12
       Potion            |       |     6 ||     6
Armor: Leather armour    |    12 |     7 ||    19
       Troll leather arm |       |     4 ||     4
Dodge: Dodged            |    15 |    41 ||    56

Table legend: (Time is in decaauts)
 A = Elapsed time spent in this place.
 B = Non-inter-level travel time spent in this place.
 C = Inter-level travel time spent in this place.
 D = Time resting spent in this place.
 E = Time spent auto-exploring this place.
 F = Levels seen in this place.
 G = Mean time per level.
                   A        B        C        D        E       F      G
               +--------+--------+--------+--------+--------+-----+--------+
         Total |   2419 |   2282 |    137 |    297 |   1544 |   3 |  806.3 |
       Dungeon |   2419 |   2282 |    137 |    297 |   1544 |   3 |  806.3 |
               +--------+--------+--------+--------+--------+-----+--------+

Top non-repeatable levels by time:
     D:2: 849 daAuts
     D:3: 833 daAuts
     D:1: 736 daAuts
